 Dungeon Crawl Stone Soup version 0.17-a0-1093-g0b3cd89 (webtiles) character file.

56 AnnoyedKobold the Conjurer (level 3, -3/26 HPs)
             Began as a Draconian Conjurer on May 20, 2015.
             Slain by Crazy Yiuf
             ... wielding a +2 quarterstaff of chaos
              (9 damage)
             ... while paralysed by Crazy Yiuf
             ... on level 2 of the Dungeon.
             The game lasted 00:07:54 (2711 turns).

AnnoyedKobold the Conjurer (Draconian Conjurer)     Turns: 2711, Time: 00:07:54

Health: -3/26      AC:  7    Str: 10    XL:     3   Next: 71%
Magic:  1/7        EV:  2    Int: 16    God:
Gold:   58         SH:  0    Dex: 11    Spells: 1 memorised, 7 levels left

rFire  . . .     SeeInvis .     (no weapon)
rCold  . . .     Clarity  .     (armour unavailable)
rNeg   . . .     SustAb   .     (no shield)
rPois  .         Gourm    .     (helmet restricted)
rElec  .         Spirit   .     e - +0 cloak
rCorr  .         Warding  .     m - +0 pair of gloves
rMut   .         Stasis   .     (no boots)
MR     .....                    (no amulet)
Stlth  ++........               (no ring)
                                (no ring)

@: paralysed, very slightly contaminated, slowed, not resistant to hostile
enchantments, unstealthy
A: unfitting armour, cold-blooded, AC +5
a: no special abilities


You were on level 2 of the Dungeon.
You were hungry.

You visited 1 branch of the dungeon, and saw 2 of its levels.

You collected 58 gold pieces.

Inventory:

Armour
 e - a +0 cloak (worn)
 m - a +0 pair of gloves (worn)
Scrolls
 f - a scroll of remove curse {unknown}
 h - a scroll of teleportation {unknown}
 i - a scroll of enchant armour {unknown}
 j - a scroll of identify {unknown}
Potions
 c - a potion of curing {unknown}
 l - a potion of heal wounds {unknown}
Books
 a - a book of Conjurations

   Spells                             Type                      Level
   a - Magic Dart                     Conjuration                  1
   b - Searing Ray                    Conjuration                  2
   c - Dazzling Spray                 Conjuration/Hexes            3
   d - Fulminant Prism                Conjuration/Hexes            4
   e - Iskenderun's Mystic Blast      Conjuration                  4
   f - Iskenderun's Battlesphere      Conjuration/Charms           5
Comestibles
 b - a bread ration
 g - a royal jelly
 k - a chunk of flesh


   Skills:
 - Level 1.7 Dodging
 - Level 1.8 Stealth
 + Level 3.0 Spellcasting
 + Level 4.7 Conjurations


You had 7 spell levels left.
You knew the following spells:

 Your Spells              Type           Power        Failure   Level  Hunger
a - Magic Dart            Conj           ###.         3%          1    #......


Dungeon Overview and Level Annotations

Branches:
Dungeon (2/15)

Altars:
Cheibriados

Annotations:
D:2 Crazy Yiuf


Innate Abilities, Weirdness & Mutations

Your plain brown scales are hard (AC +5).
Your body does not fit into most forms of armour.
You are cold-blooded and may be slowed by cold attacks.


Message History

Aiming: Magic Dart
Press: ? - help, Shift-Dir - straight line, f/p - Crazy Yiuf
Aim: Crazy Yiuf, wielding a quarterstaff of chaos and wearing an embroidered cloak (heavily wounded)
The magic dart hits Crazy Yiuf.
Crazy Yiuf is severely wounded.
Crazy Yiuf hits you with a quarterstaff of chaos!
Crazy Yiuf burns you.
Casting: Magic Dart
Confirm with . or Enter, or press ? or * to list all spells.
Aiming: Magic Dart
Press: ? - help, Shift-Dir - straight line, f/p - Crazy Yiuf
Aim: Crazy Yiuf, wielding a quarterstaff of chaos and wearing an embroidered cloak (severely wounded)
You miscast Magic Dart.
You are very lightly contaminated with residual magic.
Sparks fly from your hands!
Crazy Yiuf hits you with a quarterstaff of chaos.
* * * LOW HITPOINT WARNING * * *
Crazy Yiuf hits you but does no damage.
You suddenly lose the ability to move!
Crazy Yiuf hits you with a quarterstaff of chaos!
You die...

##.............#
##..............######
#...#8###⌠###8#......#
#...###########.##...#
#...............#8...8#
#............[..##...####
#...............##...##..
#...............##...##..
##......@.<.....#8...8#..
#......g#########...####
#...##...#8###8##...##8#
#...###.................
#...###...........⌠.....
##.##...................
####...##8###8##...##8#
.####...#### ####...####
..........# #8...8#..


You could see Crazy Yiuf.

Vanquished Creatures
  An adder (D:2)
  A worm (D:2)
  A giant gecko (D:1)
  3 bats
  A giant cockroach (D:1)
  3 goblins
  4 hobgoblins
  8 jackals
  8 kobolds
  2 giant newts (D:2)
  9 rats
41 creatures vanquished.

Notes
Turn   | Place    | Note
--------------------------------------------------------------
     0 | D:1      | AnnoyedKobold the Draconian Conjurer began the quest for the Orb.
     0 | D:1      | Reached XP level 1. HP: 14/14 MP: 3/3
   591 | D:1      | Reached XP level 2. HP: 8/20 MP: 0/5
  1904 | D:1      | Reached XP level 3. HP: 22/26 MP: 2/7
  2184 | D:2      | Found a snail-covered altar of Cheibriados.
  2686 | D:2      | Noticed Crazy Yiuf
  2709 | D:2      | Paralysed by Crazy Yiuf for 4 turns
  2711 | D:2      | Slain by Crazy Yiuf

Vault maps used:
D:1:      shiori_arrival_elements
D:2:      lemuel_doored_altar, cheibriados_altar_1, serial_corexii_hall,
          corexii_hall_statues_x, corexii_hall_statues_i,
          corexii_hall_statues_deadend, corexii_hall_statues_x,
          uniq_crazy_yiuf_cottage

Action                   || total
-------------------------++-------
Melee: Unarmed           ||    66
 Cast: Magic Dart        ||   103
  Eat: Chunk             ||     4
       Royal jelly       ||     1
